SL
ST. LOUIS COEUR @ NEW ORLEANS VOODOO
08/23/2034
 
TOP OF THE 1ST
St. Louis Coeur batting - Pitching for New Orleans Voodoo : RHP Quintiliano Seixal
Pitching: RHP Quintiliano Seixal
Batting: LHB Noel Ballard 0-0: Ball
1-0: Foul Ball, location: 2F
1-1: Ball
2-1: Ball
3-1: Called Strike
3-2: SINGLE (Groundball, 4MD)
Batting: RHB Raúl Ortíz 0-0: Called Strike
0-1: Swinging Strike
0-2: Ball
1-2: Ball
2-2: Foul Ball, location: 2F
2-2: Foul Ball, location: 2F
2-2: Foul Ball, location: 2F
2-2: Strikes out swinging
Batting: RHB Nobuhisa Murakami 0-0: Ball
1-0: Ball
2-0: Called Strike
2-1: Ball
3-1: SINGLE (Groundball, 6MD)
Noel Ballard to second
Batting: LHB Albert Morán 0-0: Ball
1-0: Ball
2-0: Swinging Strike
2-1: Ball
3-1: Base on Balls
Noel Ballard to third
Nobuhisa Murakami to second
Batting: RHB Syed Sarkar 0-0: Called Strike
0-1: Ball
1-1: Swinging Strike
1-2: Grounds into double play, 6-4-3 (Groundball, 6)
Top of the 1st over - 0 runs, 2 hits, 0 errors, 2 left on base; St. Louis 0 - New Orleans 0
BOTTOM OF THE 1ST
New Orleans Voodoo batting - Pitching for St. Louis Coeur : RHP Zaki Fakhiri
Pitching: RHP Zaki Fakhiri
Batting: RHB Guy Toussaint 0-0: Called Strike
0-1: Ball
1-1: Ball
2-1: Ground out 1-3 (Groundball, 13S)
Batting: RHB Gilberto Juárez 0-0: Ball
1-0: Ground out 4-3 (Groundball, 4)
Batting: RHB Guillermo Coss 0-0: Fly out, F7 (Flyball, 78D)
Bottom of the 1st over - 0 runs, 0 hits, 0 errors, 0 left on base; St. Louis 0 - New Orleans 0
TOP OF THE 2ND
St. Louis Coeur batting - Pitching for New Orleans Voodoo : RHP Quintiliano Seixal
Batting: RHB Tumas Wenzu 0-0: Fly out, F8 (Line Drive, 8LM)
Batting: RHB Phil McCroskey 0-0: Ground out 4-3 (Groundball, 34D)
Batting: LHB Kade Eagleton 0-0: DOUBLE (Line Drive, 78M)
Batting: RHB José Santos 0-0: Ball
1-0: Fly out, F8 (Line Drive, 89M)
Top of the 2nd over - 0 runs, 1 hit, 0 errors, 1 left on base; St. Louis 0 - New Orleans 0
BOTTOM OF THE 2ND
New Orleans Voodoo batting - Pitching for St. Louis Coeur : RHP Zaki Fakhiri
Batting: SHB Melito Báez 0-0: Called Strike
0-1: Ball
1-1: Fly out, F8 (Flyball, 89M)
Batting: RHB Griffin Woodfinlevine 0-0: Ball
1-0: Fly out, F9 (Line Drive, 89M)
Batting: RHB Claudio Tappen 0-0: Called Strike
0-1: Ball
1-1: Fly out, F3 (Line Drive, 3)
Bottom of the 2nd over - 0 runs, 0 hits, 0 errors, 0 left on base; St. Louis 0 - New Orleans 0
TOP OF THE 3RD
St. Louis Coeur batting - Pitching for New Orleans Voodoo : RHP Quintiliano Seixal
Batting: LHB Noel Ballard 0-0: Ground out 6-3 (Groundball, 6)
Batting: RHB Raúl Ortíz 0-0: Ball
1-0: Fly out, F9 (Flyball, 9S)
Batting: RHB Nobuhisa Murakami 0-0: Ball
1-0: Ball
2-0: Called Strike
2-1: Swinging Strike
2-2: Ground out 4-3 (Groundball, 4)
Top of the 3rd over - 0 runs, 0 hits, 0 errors, 0 left on base; St. Louis 0 - New Orleans 0
BOTTOM OF THE 3RD
New Orleans Voodoo batting - Pitching for St. Louis Coeur : RHP Zaki Fakhiri
Batting: LHB José Ruíz 0-0: Called Strike
0-1: Ball
1-1: Ball
2-1: Swinging Strike
2-2: Foul Ball, location: 2F
2-2: Ground out 4-3 (Groundball, 4)
Batting: RHB Colm Goodwill 0-0: Called Strike
0-1: Swinging Strike
0-2: Ball
1-2: SINGLE (Groundball, 5D)
Batting: RHB Orlando Velásquez 0-0: Ball
1-0: Ball
2-0: Ball
3-0: Called Strike
3-1: Base on Balls
Colm Goodwill to second
Batting: RHB Guy Toussaint 0-0: Ball
1-0: Ball
Colm Goodwill is caught stealing 3rd base
2-0: Ball
3-0: Called Strike
3-1: Swinging Strike
3-2: Base on Balls
Orlando Velásquez to second
Batting: RHB Gilberto Juárez 0-0: Ball
1-0: Fly out, F9 (Flyball, 9LSF)
Bottom of the 3rd over - 0 runs, 1 hit, 0 errors, 2 left on base; St. Louis 0 - New Orleans 0
TOP OF THE 4TH
St. Louis Coeur batting - Pitching for New Orleans Voodoo : RHP Quintiliano Seixal
Batting: LHB Albert Morán 0-0: Ball
1-0: Called Strike
1-1: Ball
2-1: Fly out, F8 (Flyball, 8RS)
Batting: RHB Syed Sarkar 0-0: Called Strike
0-1: Called Strike
0-2: Ball
1-2: SOLO HOME RUN (Flyball, 78XD), Distance : 391 ft
Batting: RHB Tumas Wenzu 0-0: Called Strike
0-1: Ball
1-1: Foul Ball, location: 2F
1-2: Ball
2-2: Fly out, F9 (Flyball, 89M)
Batting: RHB Phil McCroskey 0-0: Ball
1-0: Fly out, F8 (Flyball, 8LM)
Top of the 4th over - 1 run, 1 hit, 0 errors, 0 left on base; St. Louis 1 - New Orleans 0
BOTTOM OF THE 4TH
New Orleans Voodoo batting - Pitching for St. Louis Coeur : RHP Zaki Fakhiri
Batting: RHB Guillermo Coss 0-0: Ball
1-0: SINGLE (Groundball, 6D)
Batting: SHB Melito Báez 0-0: Ball
1-0: Ball
2-0: Swinging Strike
2-1: Ball
3-1: Fly out, F8 (Flyball, 8RS)
Batting: RHB Griffin Woodfinlevine 0-0: Foul Ball, location: 2F
0-1: Ball
1-1: Ball
2-1: DOUBLE (Flyball, 9D)
Guillermo Coss to third
Batting: RHB Claudio Tappen 0-0: Swinging Strike
0-1: Ball
1-1: Ball
2-1: SINGLE (Groundball, 34D)
Guillermo Coss scores
Griffin Woodfinlevine to third
Runner from 3rd tries for Home, SAFE, throw made home
Batting: LHB José Ruíz 0-0: Ball
1-0: Foul Ball, location: 2F
1-1: Ball
2-1: Ball
3-1: Called Strike
3-2: Ground out 5-3 (Groundball, 2L)
Claudio Tappen to second
Batting: RHB Colm Goodwill 0-0: Swinging Strike
0-1: Ball
1-1: Foul Ball, location: 2F
1-2: Fly out, F7 (Flyball, 7S)
Bottom of the 4th over - 2 runs, 3 hits, 0 errors, 1 left on base; St. Louis 1 - New Orleans 2
TOP OF THE 5TH
St. Louis Coeur batting - Pitching for New Orleans Voodoo : RHP Quintiliano Seixal
Batting: LHB Kade Eagleton 0-0: Ball
1-0: Swinging Strike
1-1: Ball
2-1: Ball
3-1: Base on Balls
Batting: RHB José Santos 0-0: Sac Bunt - play at first, batter safe!
Kade Eagleton to second
Batting: LHB Noel Ballard 0-0: Foul Ball, location: 2F
0-1: Ball
1-1: Ball
2-1: Foul Ball, location: 2F
2-2: Foul Ball, location: 2F
2-2: SINGLE (Flyball, 9S)
Kade Eagleton to third
José Santos to second
Batting: RHB Raúl Ortíz 0-0: Called Strike
0-1: Ball
1-1: Ball
2-1: Fly out, F7 (Flyball, 78S)
Batting: RHB Nobuhisa Murakami 0-0: Called Strike
0-1: Ball
1-1: Called Strike
1-2: Ball
2-2: Ball
3-2: Foul Ball, location: 2F
3-2: Fly out, F9 (Flyball, 9S)
Batting: LHB Albert Morán 0-0: Foul Ball, location: 2F
0-1: Fly out, F9 (Line Drive, 9)
Top of the 5th over - 0 runs, 2 hits, 0 errors, 3 left on base; St. Louis 1 - New Orleans 2
BOTTOM OF THE 5TH
New Orleans Voodoo batting - Pitching for St. Louis Coeur : RHP Zaki Fakhiri
Batting: RHB Orlando Velásquez 0-0: Called Strike
0-1: Ball
1-1: Foul Ball, location: 2F
1-2: Foul Ball, location: 2F
1-2: Ball
2-2: Ball
3-2: SINGLE (Groundball, 6D)
Batting: RHB Guy Toussaint 0-0: Ball
1-0: Bunted foul
1-1: Sac Bunt - play at first, batter OUT! 1-4
Orlando Velásquez to second
Batting: RHB Gilberto Juárez 0-0: SINGLE (Groundball, 15) (infield hit)
Orlando Velásquez to third
Batting: RHB Guillermo Coss 0-0: Ball
1-0: Ball
2-0: Grounds into double play, 6-4-3 (Groundball, 6)
Bottom of the 5th over - 0 runs, 2 hits, 0 errors, 1 left on base; St. Louis 1 - New Orleans 2
TOP OF THE 6TH
St. Louis Coeur batting - Pitching for New Orleans Voodoo : RHP Quintiliano Seixal
Batting: RHB Syed Sarkar 0-0: Foul Ball, location: 2F
0-1: SINGLE (Line Drive, 78S)
Batting: RHB Tumas Wenzu 0-0: Called Strike
0-1: Swinging Strike
0-2: Strikes out swinging
Batting: RHB Phil McCroskey 0-0: Called Strike
0-1: Ball
1-1: Ball
2-1: Ball
3-1: SINGLE (Groundball, 6D)
Syed Sarkar to second
Batting: LHB Kade Eagleton 0-0: Swinging Strike
0-1: DOUBLE (Line Drive, 9LS)
Syed Sarkar scores
Phil McCroskey to third
Batting: RHB José Santos 0-0: Ball
1-0: SINGLE (Line Drive, 6D)
Phil McCroskey scores
Kade Eagleton to third
Runner from 3rd tries for Home, SAFE, no throw
Batting: LHB Noel Ballard 0-0: Swinging Strike
0-1: Called Strike
0-2: Ball
1-2: Foul Ball, location: 2F
1-2: Foul Ball, location: 2F
1-2: Strikes out swinging
Pitching: RHP Bob Roth
Batting: RHB Raúl Ortíz 0-0: Called Strike
0-1: Ball
1-1: Ball
2-1: Ground out 1-3 (Groundball, P)
Top of the 6th over - 3 runs, 4 hits, 0 errors, 1 left on base; St. Louis 4 - New Orleans 2
BOTTOM OF THE 6TH
New Orleans Voodoo batting - Pitching for St. Louis Coeur : RHP Zaki Fakhiri
Batting: SHB Melito Báez 0-0: Fly out, F5 (Popup, 56)
Batting: RHB Griffin Woodfinlevine 0-0: Ball
1-0: Called Strike
1-1: Ball
2-1: Ball
3-1: Fly out, F5 (Line Drive, 5)
Batting: RHB Claudio Tappen 0-0: Ball
1-0: Fly out, F5 (Line Drive, 56)
Bottom of the 6th over - 0 runs, 0 hits, 0 errors, 0 left on base; St. Louis 4 - New Orleans 2
TOP OF THE 7TH
St. Louis Coeur batting - Pitching for New Orleans Voodoo : RHP Bob Roth
Batting: RHB Nobuhisa Murakami 0-0: Ball
1-0: Ball
2-0: Ball
3-0: Base on Balls
Batting: LHB Albert Morán 0-0: Foul Ball, location: 2F
0-1: Ball
1-1: 2-RUN HOME RUN (Flyball, 9D), Distance : 364 ft
Pitching: LHP Myles Wilkerson
Batting: RHB Syed Sarkar 0-0: Called Strike
0-1: Ball
1-1: Ground out 5-3 (Groundball, 5)
Batting: RHB Tumas Wenzu 0-0: Ground out 6-3 (Groundball, 6)
Batting: RHB Phil McCroskey 0-0: SINGLE (Flyball, 89S)
Batting: LHB Kade Eagleton 0-0: Fly out, F4 (Popup, 4MD)
Top of the 7th over - 2 runs, 2 hits, 0 errors, 1 left on base; St. Louis 6 - New Orleans 2
BOTTOM OF THE 7TH
New Orleans Voodoo batting - Pitching for St. Louis Coeur : RHP Zaki Fakhiri
Batting: LHB José Ruíz 0-0: Fly out, F6 (Popup, 6M)
Batting: RHB Colm Goodwill 0-0: Foul Ball, location: 2F
0-1: Foul Ball, location: 2F
0-2: Fly out, F3 (Popup, 34S)
Batting: RHB Orlando Velásquez 0-0: SINGLE (Groundball, 56) (infield hit)
Batting: RHB Guy Toussaint 0-0: Ball
Orlando Velásquez steals 2nd base
1-0: Ball
2-0: Foul Ball, location: 2F
2-1: Foul Ball, location: 2F
2-2: Ball
3-2: Ground out U3 (Groundball, 34)
Bottom of the 7th over - 0 runs, 1 hit, 0 errors, 1 left on base; St. Louis 6 - New Orleans 2
TOP OF THE 8TH
St. Louis Coeur batting - Pitching for New Orleans Voodoo : LHP Myles Wilkerson
Batting: RHB José Santos 0-0: Foul Ball, location: 2F
0-1: Foul Ball, location: 2F
0-2: SINGLE (Groundball, 34D)
Batting: LHB Noel Ballard 0-0: Ball
1-0: Sac Bunt - play at first, batter OUT! 1-4
José Santos to second
Batting: RHB Raúl Ortíz 0-0: Called Strike
0-1: Swinging Strike
0-2: Ball
1-2: DOUBLE (Line Drive, 89M)
José Santos scores
Batting: RHB Nobuhisa Murakami 0-0: Ball
1-0: Ball
2-0: Called Strike
2-1: Ball
3-1: DOUBLE (Line Drive, 7LS)
Raúl Ortíz scores
Batting: LHB Albert Morán 0-0: Ball
1-0: Foul Ball, location: 2F
1-1: Ball
2-1: Ball
3-1: Called Strike
3-2: Foul Ball, location: 2F
3-2: Fly out, F8 (Flyball, 8LXD)
Runner from 2nd tags up, SAFE at 3rd, no throw
Batting: RHB Syed Sarkar 0-0: Ball
1-0: Ground out 6-3 (Groundball, 56)
Top of the 8th over - 2 runs, 3 hits, 0 errors, 1 left on base; St. Louis 8 - New Orleans 2
BOTTOM OF THE 8TH
New Orleans Voodoo batting - Pitching for St. Louis Coeur : RHP Zaki Fakhiri
Batting: RHB Gilberto Juárez 0-0: Foul Ball, location: 2F
0-1: Called Strike
0-2: Ball
1-2: Ball
2-2: Ball
3-2: Base on Balls
Batting: RHB Guillermo Coss 0-0: Ball
1-0: Grounds into double play, 6-4-3 (Groundball, 6)
Batting: SHB Melito Báez 0-0: SINGLE (Line Drive, 7S)
Batting: RHB Griffin Woodfinlevine 0-0: Ball
1-0: Ball
2-0: 2-RUN HOME RUN (Flyball, 9D), Distance : 363 ft
Pitching: RHP Darren Garland
Batting: RHB Claudio Tappen 0-0: Fly out, F3 (Popup, 3F)
Bottom of the 8th over - 2 runs, 2 hits, 0 errors, 0 left on base; St. Louis 8 - New Orleans 4
TOP OF THE 9TH
St. Louis Coeur batting - Pitching for New Orleans Voodoo : LHP Myles Wilkerson
Pitching: RHP Mark Valle
Batting: RHB Tumas Wenzu 0-0: Called Strike
0-1: Foul Ball, location: 2F
0-2: Strikes out looking
Batting: RHB Phil McCroskey 0-0: Foul Ball, location: 2F
0-1: Called Strike
0-2: Ball
1-2: Foul Ball, location: 2F
1-2: Strikes out swinging
Batting: LHB Kade Eagleton 0-0: Swinging Strike
0-1: Ball
1-1: Foul Ball, location: 2F
1-2: Strikes out swinging
Top of the 9th over - 0 runs, 0 hits, 0 errors, 0 left on base; St. Louis 8 - New Orleans 4
BOTTOM OF THE 9TH
New Orleans Voodoo batting - Pitching for St. Louis Coeur : RHP Darren Garland
Batting: LHB José Ruíz 0-0: Called Strike
0-1: Ball
1-1: Ball
2-1: Ball
3-1: Foul Ball, location: 2F
3-2: Foul Ball, location: 2F
3-2: Fly out, F8 (Flyball, 78M)
Batting: RHB Colm Goodwill 0-0: Ball
1-0: Swinging Strike
1-1: Ball
2-1: Ball
3-1: SOLO HOME RUN (Line Drive, 7D), Distance : 363 ft
Batting: RHB Orlando Velásquez 0-0: Called Strike
0-1: Called Strike
0-2: Ball
1-2: Ball
2-2: Fly out, F4 (Popup, 34D)
Batting: RHB Guy Toussaint 0-0: Ball
1-0: Ground out 5-3 (Groundball, 56S)
Bottom of the 9th over - 1 run, 1 hit, 0 errors, 0 left on base; St. Louis 8 - New Orleans 5
Friday, March 29th, 2019 - OOTP Baseball 18.8 Build 76